 Dungeon Crawl Stone Soup version 0.28.0-53-g5a82cb258f (webtiles) character file.

Game seed: 4205309487642676372

1759 issech the Chopper (level 8, 0/65 HPs)
             Began as a Minotaur Monk on June 25, 2022.
             Was a Believer of Hepliaklqana.
             Killed from afar by an electric eel (12 damage)
             ... with a bolt of electricity
             ... on level 6 of the Dungeon on June 26, 2022.
             The game lasted 00:19:38 (7541 turns).

issech the Chopper (Minotaur Monk)                  Turns: 7541, Time: 00:19:38

Health: 0/65       AC: 10    Str: 15    XL:     8   Next: 79%
Magic:  7/7        EV: 13    Int:  7    God:    Hepliaklqana [**....]
Gold:   195        SH:  0    Dex: 16    Spells: 7/7 levels left

rFire   + . .      SeeInvis +   A - +3 great sword
rCold   . . .      Faith    .   (shield currently unavailable)
rNeg    . . .      Spirit   .   r - +4 ring mail {rF+}
rPois   .          Reflect  .   (helmet restricted)
rElec   .          Harm     .   (no cloak)
rCorr   .          Rampage  .   (no gloves)
Will    .....                   (no boots)
Stlth   ++........              (no amulet)
HPRegen 0.20/turn               C - ring of see invisible
MPRegen 0.10/turn               (no ring)

@: no status effects
A: reduced essence, horns 2, retaliatory headbutt
a: Renounce Religion, Recall Ancestor, Ancestor Identity


You were on level 6 of the Dungeon.
You worshipped Hepliaklqana.
Hepliaklqana was pleased with you.
You visited 2 branches of the dungeon, and saw 7 of its levels.

You collected 195 gold pieces.

Inventory:

Hand Weapons
 a - a +0 hand axe
 e - a +0 hunting sling
 u - a +2 dagger
 A - a +3 great sword (weapon)
 B - a +4 falchion
 F - a +0 shortbow
Missiles
 g - 146 stones (quivered)
 j - 141 arrows
 p - 3 poisoned darts
 s - 14 sling bullets
 H - 2 throwing nets
Armour
 r - a +4 ring mail of fire resistance (worn)
 D - a +0 scale mail
Jewellery
 C - a ring of see invisible (left hand)
 E - a ring of positive energy
Wands
 w - a wand of paralysis (16)
 y - a wand of flame (24)
Scrolls
 d - 4 scrolls of identify {unknown}
 f - 2 scrolls of magic mapping {unknown}
 i - a scroll of amnesia {unknown}
 k - 4 scrolls of fear {unknown}
 m - 2 scrolls of enchant weapon {unknown}
 q - 3 scrolls of blinking {unknown}
 t - a scroll of summoning {unknown}
 x - a scroll of noise {unknown}
 G - a scroll of enchant armour {unknown}
Potions
 b - 3 potions of curing {unknown}
 c - 4 potions of might {unknown}
 h - a potion of cancellation {unknown}
 l - 3 potions of haste {unknown}
 n - 2 potions of attraction {unknown}
 o - 2 potions of heal wounds {unknown}
 v - a potion of degeneration {unknown}
 z - 3 potions of mutation {unknown}


   Skills:
 + Level 7.2 Fighting
 + Level 4.2 Long Blades
 + Level 7.9 Axes
 + Level 0.1 Throwing
 + Level 6.6 Armour
 + Level 5.3 Dodging
 + Level 2.5 Stealth


You had 7 spell levels left.
You didn't know any spells.
Your spell library was empty.

Dungeon Overview and Level Annotations

Branches:
Dungeon (6/15)             Temple (1/1) D:4

Altars:
Ashenzari
Cheibriados
Dithmenos
Elyvilon
Fedhas
Gozag
Hepliaklqana
Kikubaaqudgha
Makhleb
Nemelex Xobeh
Okawaru
Qazlal
Ru
Sif Muna
Trog
Uskayaw
Vehumet
Wu Jian
Xom
Yredelemnul
Zin
The Shining One

Annotations:
D:4 3 runed translucent doors, Fractals's ghost, amateur NaEn; Jackthecabe's ghost, amateur TeAE; Kranky's ghost, amateur OpFi; Theotherone's ghost, amateur MiBe; slowmoth's ghost, amateur GrEE


Innate Abilities, Weirdness & Mutations

Your life essence is reduced to manifest your ancestor. (-10% HP)
You have a pair of horns on your head.
You reflexively headbutt those who attack you in melee.


Message History

The bolt of electricity hits you. The gnoll shaman barely misses you.
You slash the gnoll!
You kill the gnoll!
The electric eel shoots out a bolt of lightning at you!
The bolt of electricity hits you.
The gnoll shaman hits you with a +0 club.
Takurtum gestures at the electric eel while chanting.
The puff of frost hits the electric eel!
The electric eel shoots out a bolt of lightning at Takurtum!
The bolt of electricity hits Takurtum!
You closely miss the gnoll shaman.
The gnoll shaman hits you with a +0 club.
The electric eel shoots out a bolt of lightning at Takurtum!
The bolt of electricity hits Takurtum!
The gnoll shaman hits you with a +0 club.
You barely miss the gnoll shaman.
Takurtum gestures at the electric eel while chanting.
The puff of frost misses the electric eel.
The electric eel shoots out a bolt of lightning at Takurtum!
The bolt of electricity hits Takurtum!
Takurtum is destroyed!
The gnoll shaman closely misses you. You furiously retaliate!
You headbutt the gnoll shaman, but do no damage.
You hit the gnoll shaman.
The gnoll shaman is moderately wounded.
The gnoll shaman hits you with a +0 club.
The electric eel shoots out a bolt of lightning at you!
The bolt of electricity hits you!
The gnoll shaman mumbles some strange prayers to its god against you.
You resist with some effort.
You barely miss the gnoll shaman.
The gnoll shaman is moderately wounded.
The electric eel shoots out a bolt of lightning at you!
The bolt of electricity hits you!
* * * LOW HITPOINT WARNING * * *
The gnoll shaman closely misses you. You furiously retaliate!
You headbutt the gnoll shaman, but do no damage.
The electric eel shoots out a bolt of lightning at you!
The bolt of electricity hits you!
You die...

.# . ..#
..##########.#
.............
........#..#
...........#
.......<...######
.....()$g@.......
....##...)#######
..........#
.........##
..........
..≈≈...≈S≈≈
.≈≈........
.≈......##..


You could see a gnoll shaman and an electric eel.

Vanquished Creatures
  Sigmund (D:2)
  A water moccasin (D:5)
  A sky beast (D:5)
  An ogre (D:5)
  A centaur (D:5)
  A phantom (D:5)
  2 scorpions
  2 water moccasin skeletons
  3 wights (D:4)
  A jelly (D:4)
  2 hounds
  An iguana (D:4)
  Natasha (thrice) (D:2)
  A hound skeleton (D:5)
  6 gnolls
  13 adders
  2 adder skeletons
  4 worms
  4 dart slugs
  3 orcs
  6 endoplasms
  11 giant cockroaches
  13 goblins
  3 hobgoblins
  8 jackals
  5 quokkas
  4 ball pythons
  3 bats
  A frilled lizard (D:1)
  7 kobolds
  7 rats
121 creatures vanquished.

Vanquished Creatures (collateral kills)
  An ice beast (D:5)
  A sky beast (D:6)
  2 wights
  A hound (D:5)
  An iguana (D:5)
  An orc wizard (D:5)
  A gnoll (D:6)
  An adder (D:5)
  An orc (D:5)
  A goblin (D:4)
  2 jackals (D:5)
13 creatures vanquished.

Vanquished Creatures (others)
  4 battlemagi
4 creatures vanquished.

Grand Total: 138 creatures vanquished

Notes
Turn   | Place    | Note
-------+----------+-------------------------------------------
     0 | D:1      | issech the Minotaur Monk began the quest for the Orb.
     0 | D:1      | Reached XP level 1. HP: 19/19 MP: 0/0
   346 | D:1      | Reached XP level 2. HP: 14/27 MP: 1/1
  1345 | D:2      | Reached XP level 3. HP: 26/33 MP: 2/2
  1445 | D:2      | Noticed Natasha
  1456 | D:2      | Killed Natasha
  1511 | D:2      | Reached XP level 4. HP: 39/41 MP: 3/3
  1644 | D:2      | Noticed Sigmund
  1721 | D:2      | Killed Sigmund
  1722 | D:2      | Reached skill level 5 in Axes
  1722 | D:2      | Reached XP level 5. HP: 39/47 MP: 4/4
  1757 | D:2      | Noticed Natasha
  1768 | D:2      | Killed Natasha
  1769 | D:2      | Reached skill level 5 in Fighting
  1916 | D:2      | Reached XP level 6. HP: 47/56 MP: 5/5
  1990 | D:2      | Noticed Natasha
  2029 | D:2      | Killed Natasha
  2912 | D:3      | Found a shadowy altar of Dithmenos.
  3821 | D:4      | Found a runed translucent gate.
  3821 | D:4      | Noticed slowmoth's ghost (amateur GrEE)
  3822 | D:4      | Found a runed translucent gate.
  3822 | D:4      | Found a runed translucent gate.
  3823 | D:4      | Noticed Kranky's ghost (amateur OpFi)
  3823 | D:4      | Noticed Theotherone's ghost (amateur MiBe)
  3823 | D:4      | Noticed Fractals's ghost (amateur NaEn)
  3823 | D:4      | Noticed Jackthecabe's ghost (amateur TeAE)
  4275 | D:5      | Entered Level 5 of the Dungeon
  4292 | D:4      | Reached XP level 7. HP: 55/61 MP: 6/6
  4799 | D:4      | Found a staircase to the Ecumenical Temple.
  4824 | Temple   | Entered the Ecumenical Temple
  4957 | Temple   | Became a worshipper of Hepliaklqana the Forgotten
  4957 | Temple   | Reached * piety under Hepliaklqana
  4957 | Temple   | Reached ** piety under Hepliaklqana
  4958 | Temple   | Remembered your ancestor Takurtum as a battlemage
  5408 | D:4      | You fall into a shaft and drop 1 floor!
  6517 | D:5      | Reached skill level 5 in Armour
  6540 | D:5      | Reached skill level 1 in Long Blades
  6540 | D:5      | Reached XP level 8. HP: 56/63 MP: 7/7
  6827 | D:5      | Reached skill level 5 in Dodging
  7541 | D:6      | Killed from afar by an electric eel

Illustrated notes

Levels and vault maps discovered:
D:1:      scummos_arrival_simple_crosswalls, layout_basic, chequers_jeans
D:2:      layout_loops_ring, serial_rivers, chequers_serial_rivers_large_a,
          chequers_serial_rivers_small_a, chequers_serial_rivers_micro_d,
          chequers_serial_rivers_micro_e, nrook_mini_backslash, uniq_sigmund,
          uniq_natasha
D:3:      minmay_roachtagon, layout_basic, grunt_dithmenos_smoke_and_mirrors,
          minmay_misc_feat_iff, minmay_checkerbox
D:4:      kennysheep_spiral_hall, layout_loops_cross, minmay_temple_entry_wispy,
          gammafunk_ghost_cemetery, minmay_misc_feat_encased
D:5:      layout_rooms, grunt_decor_mini_mirrors, kennysheep_potato
D:6:      layout_cave_pools, serial_gnoll_camp, gnoll_camp_huts_moat,
          gnoll_camp_mini_shop, gnoll_camp_mini_house, gnoll_camp_mini_house,
          gnoll_camp_mini_loothouse, gnoll_camp_mini_doghouse,
          hellmonk_bongcloud_opening
Temple:   compressed_dpeg_triangle_lava_temple

Skill      XL: |  1  2  3  4  5  6  7  8 |
---------------+-------------------------+-----
Axes           | 4 5 6 7 |  7.9
Fighting       | 4 5 6 7 |  7.2
Armour         | 2 3 5 6 |  6.6
Dodging        | 4 5 |  5.3
Stealth        | 2 |  2.5
Long Blades    | 1 4 |  4.2
Throwing       | |  0.1

Action                   |  1- 3 |  4- 6 |  7- 9 || total
-------------------------+-------+-------+-------++-------
Melee: Hand axe          |    62 |   186 |    63 ||   311
       Headbutt          |    10 |    44 |    11 ||    65
       Punch             |       |     1 |       ||     1
       Great sword       |       |       |    42 ||    42
Throw: Stone             |       |     5 |       ||     5
Invok: Ancestor Life: Ba |       |       |     1 ||     1
 Stab: Sleeping          |       |     1 |       ||     1
Armor: Robe              |     4 |       |       ||     4
       Ring mail         |    19 |    56 |    65 ||   140
Dodge: Dodged            |    35 |   109 |   114 ||   258
